 Dungeon Crawl Stone Soup version 0.30-a0-719-gcc4359ea44 (webtiles) character file.

Game seed: 2443690200371017398

656 lunkers the Cleaver (level 8, 0/63 HPs)
             Began as a Meteoran Fighter on Jan 26, 2023.
             Was a Priest of Uskayaw.
             Slain by a kobold
             ... wielding a +0 short sword
              (2 damage)
             ... on level 5 of the Dungeon on Jan 27, 2023.
             The game lasted 00:04:46 (2195 turns).

lunkers the Cleaver (Meteoran Fighter)              Turns: 2195, Time: 00:04:47

Health: 0/63       AC:  1    Str: 18    XL:     8   Next: 11%
Magic:  9/9        EV:  9    Int:  9    God:    Uskayaw [***...]
Gold:   218        SH:  5    Dex: 16    Spells: 7/7 levels left

rFire   . . .      SeeInvis +    a - +0 war axe
rCold   . . .      Faith    .    c - +0 buckler
rNeg    . . .      Spirit   .    b - +0 scale mail
rPois   .          Reflect  .    (no helmet)
rElec   .          Harm     .    (no cloak)
rCorr   .          Rampage  .    r - +0 pair of gloves
Will    +....                    j - +0 pair of boots Stlth
                                 p - amulet of the acrobat
HPRegen 0.30/turn                q - ring of see invisible
MPRegen 0.11/turn                (no ring)

@: corroded, glowing
A: sense surroundings 1, otherworldly, glowing, explore regen
a: Renounce Religion, Stomp, Line Pass


You were on level 5 of the Dungeon.
You worshipped Uskayaw.
Uskayaw was noncommittal.
You visited 2 branches of the dungeon, and saw 6 of its levels.

You collected 218 gold pieces.

Inventory:

Hand Weapons
 a - a +0 war axe (weapon)
Armour
 b - a +0 scale mail (worn)
 c - a +0 buckler (worn)
 j - a +0 pair of boots (worn)
 r - a +0 pair of gloves (worn)
Jewellery
 p - an amulet of the acrobat (around neck)
 q - a ring of see invisible (left hand)
Wands
 w - a wand of light (11)
 y - a wand of polymorph (3)
Scrolls
 f - 2 scrolls of vulnerability {unknown}
 g - 2 scrolls of magic mapping {unknown}
 h - 8 scrolls of identify {unknown}
 i - a scroll of enchant weapon {unknown}
 k - 2 scrolls of poison {unknown}
 l - 2 scrolls of teleportation {unknown}
 o - 6 scrolls of enchant armour {unknown}
 u - a scroll of fog {unknown}
 x - a scroll of fear {unknown}
Potions
 d - a potion of might
 e - a potion of brilliance {unknown}
 m - a potion of degeneration {unknown}
 n - a potion of berserk rage {unknown}
 s - a potion of mutation {unknown}
 t - a potion of curing {unknown}
 v - a potion of flight {unknown}


   Skills:
 - Level 3.2 Fighting
 + Level 9.9 Axes
 - Level 3.6 Armour
 - Level 3.6 Shields


You had 7 spell levels left.
You didn't know any spells.
Your spell library contained the following spells:

 Spells                   Type           Power      Damage    Failure   Level
 Ensorcelled Hibernation  Hex/Ice        0%         N/A       94%         2
 Spider Form              Tmut/Pois      0%         N/A       99%         3
 Anguish                  Hex/Necr       0%         N/A       100%        4


Dungeon Overview and Level Annotations

Branches:
Dungeon (5/15) Zot: 912    Temple (1/1) D:5 Zot: 459

Altars:
Dithmenos
Elyvilon
Fedhas
Gozag
Hepliaklqana
Kikubaaqudgha
Makhleb
Nemelex Xobeh
Qazlal
Ru
Sif Muna
Uskayaw
Vehumet
Wu Jian
Xom
Yredelemnul
Zin
The Shining One

Shops:
D:1 (


Innate Abilities, Weirdness & Mutations

You passively map a small area around you.
You are easily found by Zot.
You glow in the dark.
You regain HP and MP as you explore.


Message History

The helpless kobold fails to defend itself.
You slash the kobold!
You kill the kobold!
The helpless kobold fails to defend itself.
You hit the kobold but do no damage.
The kobold brigand is no longer paralysed.
The black bear is no longer paralysed.
You hit the black bear but do no damage.
The black bear is severely wounded.
The helpless kobold fails to defend itself.
You hit the kobold but do no damage.
The kobold is no longer paralysed.
The kobold hits you with a +0 short sword.
* * * LOW HITPOINT WARNING * * *
You block the black bear's attack.
The black bear claws you but does no damage.
The black bear claws you.
* * * LOW HITPOINT WARNING * * *
You hit the black bear.
The black bear is almost dead.
You completely miss the kobold. The black bear barely misses you.
The black bear claws you.
* * * LOW HITPOINT WARNING * * *
The black bear claws you.
* * * LOW HITPOINT WARNING * * *
You closely miss the black bear.
The black bear is almost dead.
You barely miss the kobold.
You hit the kobold brigand but do no damage.
The kobold hits you with a +0 short sword.
* * * LOW HITPOINT WARNING * * *
You block the kobold brigand's attack.
The black bear goes berserk!
You hit the black bear but do no damage.
The black bear is almost dead.
You closely miss the kobold brigand. You hit the kobold but do no damage.
The black bear closely misses you. The black bear claws you.
* * * LOW HITPOINT WARNING * * *
The black bear claws you.
* * * LOW HITPOINT WARNING * * *
The kobold hits you with a +0 short sword.
You die...

,##.###.....### # *
#............. ##
#..........$.. #.
#......)......,,##.
#.............###..
#######....K.....####...#
#........#########....###
#......Kh#.........####..
#......K@#...#####....###
#........#.......####...#
#........#.......#..###..
#........'.......#....##.
#........#+#######.....#.
######..............#####
#..............+...#
#..............#...#
#..<...........#...#


You could see a black bear (berserk, blind), a kobold brigand and a kobold.

Vanquished Creatures
  A water moccasin (D:5)
  A black bear (D:5)
  An ogre (D:4)
  A phantom (D:4)
  A hound (D:5)
  4 jellies
  2 orc wizards (D:5)
  5 adders
  An ufetubus (D:5)
  3 dart slugs
  4 orcs
  3 bats
  3 endoplasms
  3 hobgoblins
  5 kobolds
  A quokka (D:2)
  3 ball pythons
  A frilled lizard (D:2)
  2 goblins (D:1)
  2 rats
47 creatures vanquished.

Notes
Turn   | Place    | Note
-------+----------+-------------------------------------------
     0 | D:1      | lunkers the Meteoran Fighter began the quest for the Orb.
     0 | D:1      | Reached XP level 1. HP: 19/19 MP: 2/2
   256 | D:1      | Found a faded altar of an unknown god.
   263 | D:1      | Reached skill level 3 in Axes
   263 | D:1      | Reached XP level 2. HP: 23/26 MP: 3/3
   353 | D:1      | Found Plog's Weapon Emporium.
   602 | D:3      | Reached XP level 3. HP: 31/31 MP: 4/4
   618 | D:3      | Reached skill level 4 in Axes
   681 | D:3      | Found a hazy altar of Hepliaklqana.
   958 | D:4      | Reached skill level 5 in Axes
   958 | D:4      | Reached XP level 4. HP: 23/38 MP: 5/5
  1021 | D:4      | Noticed a phantom
  1031 | D:4      | Killed a phantom
  1032 | D:4      | Reached skill level 6 in Axes
  1032 | D:4      | Reached XP level 5. HP: 45/45 MP: 6/6
  1084 | D:4      | Noticed an ogre
  1089 | D:4      | Killed an ogre
  1090 | D:4      | Reached skill level 7 in Axes
  1090 | D:4      | Reached XP level 6. HP: 33/51 MP: 7/7
  1091 | D:4      | Identified the +1 whip "Litwuw" {elec, Str+2}
  1294 | D:5      | Entered Level 5 of the Dungeon
  1334 | D:5      | Noticed a water moccasin
  1343 | D:5      | Killed a water moccasin
  1344 | D:5      | Reached skill level 8 in Axes
  1344 | D:5      | Reached XP level 7. HP: 36/57 MP: 8/8
  1363 | D:5      | Upgraded the game from 0.30-a0-718-geaa24f58ff to
                  | 0.30-a0-719-gcc4359ea44
  1397 | D:5      | Found a staircase to the Ecumenical Temple.
  1465 | Temple   | Entered the Ecumenical Temple
  1576 | Temple   | Became a worshipper of Uskayaw the Reveller
  1698 | D:5      | Reached * piety under Uskayaw
  1704 | D:5      | Reached ** piety under Uskayaw
  1705 | D:5      | Reached skill level 9 in Axes
  1813 | D:5      | Reached *** piety under Uskayaw
  1912 | D:5      | Found a shadowy altar of Dithmenos.
  2020 | D:5      | Reached XP level 8. HP: 63/63 MP: 9/9
  2195 | D:5      | HP: 2/63 [black bear (3)]
  2195 | D:5      | Slain by a kobold

Illustrated notes

Levels and vault maps discovered:
D:1:      pf_arrival_petrified_forest, layout_basic,
          chequers_ecumenical_altar_island, serial_shops,
          nicolae_shop_waterfront
D:2:      layout_basic, dk_noncrumbling_3
D:3:      layout_loops_cross, overflow_temple_1_default,
          mainiacjoe_overflow_paths, uniq_terence
D:4:      layout_basic, gup_sewer_entry_glass
D:5:      minmay_general_purpose_star, layout_gridville, grunt_dithmenos_smoke,
          minmay_temple_entry_fiery, amcnicky_mini_rare_corridor_liquid,
          chequers_decorated_corner, st_stairs_12, nicolae_zen_rock_garden
Temple:   kb_temple_of_zot

Skill      XL: |  1  2  3  4  5  6  7 |
---------------+----------------------+-----
Axes           | 3 5 6 7 8 9 |  9.9
Fighting       | |  3.2
Armour         | |  3.6
Shields        | |  3.6

Action                     |  1- 3 |  4- 6 |  7- 9 || total
---------------------------+-------+-------+-------++-------
  Melee: War axe           |    51 |    30 |    48 ||   129
  Evoke: Wand              |       |       |     3 ||     3
   Stab: Paralysed         |       |       |     4 ||     4
         Invisible         |       |       |     1 ||     1
 Armour: Scale mail        |    20 |    13 |    33 ||    66
  Dodge: Dodged            |    19 |    11 |    35 ||    65
  Block: Buckler           |     8 |     5 |    18 ||    31

Table legend: (Time is in decaauts)
 A = Elapsed time spent in this place.
 B = Non-inter-level travel time spent in this place.
 C = Inter-level travel time spent in this place.
 D = Time resting spent in this place.
 E = Time spent auto-exploring this place.
 F = Levels seen in this place.
 G = Mean time per level.
                   A        B        C        D        E       F      G
               +--------+--------+--------+--------+--------+-----+--------+
         Total |   2226 |   2127 |     99 |      0 |   1674 |   6 |  371.0 |
       Dungeon |   2086 |   2037 |     49 |      0 |   1594 |   5 |  417.2 |
        Temple |    140 |     91 |     49 |      0 |     80 |   1 |  140.0 |
               +--------+--------+--------+--------+--------+-----+--------+

Top non-repeatable levels by time:
     D:5: 766 daAuts
     D:4: 492 daAuts
     D:1: 397 daAuts
     D:3: 219 daAuts
     D:2: 209 daAuts
  Temple: 140 daAuts
